 Dungeon Crawl Stone Soup version 0.27-a0-1081-ge8a0a9c698 (webtiles) character file.

Game seed: 17703088983452623016

46 tardwrangler69 the Poker (level 3, -1/28 HPs)
             Began as a Merfolk Gladiator on Apr 25, 2021.
             Slain by Natasha (7 damage)
             ... on level 2 of the Dungeon.
             The game lasted 00:01:15 (1715 turns).

tardwrangler69 the Poker (Merfolk Gladiator)        Turns: 1715, Time: 00:01:16

Health: -1/28      AC:  5    Str: 15    XL:     3   Next: 66%
Magic:  3/3        EV: 13    Int:  7    God:
Gold:   47         SH:  0    Dex: 15    Spells: 2/2 levels left

rFire    . . .     SeeInvis .   a - +0 trident
rCold    . . .     Faith    .   (no shield)
rNeg     . . .     Spirit   .   b - +0 leather armour
rPois    .         Reflect  .   c - +0 helmet
rElec    .         Harm     .   (no cloak)
rCorr    .         Rampage  .   (no gloves)
Will     .....                  h - +0 pair of boots
Stlth    +.........             (no amulet)
HPRegen  0.09/turn              (no ring)
MPRegen  0.08/turn              (no ring)

@: slowed, very slow
A: (nimble swimmer 2), mertail
a: no special abilities


You were on level 2 of the Dungeon.
You visited 1 branch of the dungeon, and saw 2 of its levels.

You collected 47 gold pieces.

Inventory:

Hand Weapons
 a - a +0 trident (weapon)
Missiles
 d - 3 throwing nets (quivered)
 i - 8 poisoned darts
Armour
 b - a +0 leather armour (worn)
 c - a +0 helmet (worn)
 h - a +0 pair of boots (worn)
Jewellery
 j - an amulet of magic regeneration
Scrolls
 g - a scroll of identify {unknown}
 k - a scroll of silence {unknown}
 l - a scroll of magic mapping {unknown}
 m - a scroll of summoning {unknown}
Potions
 e - 2 potions of attraction {unknown}
 f - a potion of degeneration {unknown}


   Skills:
 + Level 2.9 Fighting
 * Level 5.6 Polearms
 - Level 2.0 Throwing
 + Level 4.5 Dodging


You had 2 spell levels left.
You didn't know any spells.
Your spell library was empty.

Dungeon Overview and Level Annotations

Branches:
Dungeon (2/15)

Altars:

Annotations:
D:2 Natasha


Innate Abilities, Weirdness & Mutations

((You are quick and stealthy near water. (Stealth+, EV+, Speed+++)))
Your lower body shifts to a powerful aquatic tail in water.


Message History

Natasha casts a spell.
There are monsters nearby!
There are monsters nearby!
There are monsters nearby!
You reach to attack!
You closely miss the white imp.
You reach to attack!
You hit the white imp but do no damage. You hit the white imp.
The white imp is moderately wounded.
The white imp hits you. The white imp freezes you. Natasha claws you!
You are too injured to fight recklessly!
You are too injured to fight recklessly!
You are too injured to fight recklessly!
You are too injured to fight recklessly!
You are too injured to fight recklessly!
You are too injured to fight recklessly!
You are too injured to fight recklessly!
You are too injured to fight recklessly!
You are too injured to fight recklessly!
You are too injured to fight recklessly!
You are too injured to fight recklessly!
You are too injured to fight recklessly!
You are too injured to fight recklessly!
You are too injured to fight recklessly!
You miss Natasha. The white imp misses you. Natasha claws you.
You closely miss Natasha.
The white imp picks up a beetle and eats it.
The white imp hits you but does no damage.
Natasha closely misses you.
You hit Natasha.
Natasha is moderately wounded.
The white imp gestures at you. The puff of frost hits you.
* * * LOW HITPOINT WARNING * * *
Natasha stares at you and mumbles some strange words.
You feel yourself slow down.
You closely miss Natasha.
Natasha is moderately wounded.
The white imp hits you but does no damage.
Natasha claws you!
You die...

##########. ###
#..........
....#####.#########
##.#.#..............
#..........########.
##.#.#.##### #.
#.###.# #. #...†.#
#. #.@#### #> #..5h#
## ###..# .... ....
...#. #.#. #...#.#
#.#. ....# . ..#.
##.## ## ######.#.
......[#.


You could see Natasha and a white imp (summoned).

Vanquished Creatures
  2 dart slugs
  7 ball pythons
  A bat (D:1)
  6 endoplasms
  2 giant cockroaches
  A goblin (D:2)
  2 hobgoblins
  3 jackals (D:2)
  2 kobolds (D:2)
  3 quokkas
  4 frilled lizards
  4 rats (D:1)
37 creatures vanquished.

Vanquished Creatures (others)
  2 fungi (D:2)
  A plant (D:1)
3 creatures vanquished.

Grand Total: 40 creatures vanquished

Notes
Turn   | Place    | Note
-------+----------+-------------------------------------------
     0 | D:1      | tardwrangler69 the Merfolk Gladiator began the quest for
                  | the Orb.
     0 | D:1      | Reached XP level 1. HP: 16/16 MP: 1/1
   123 | D:1      | Reached XP level 2. HP: 23/23 MP: 2/2
   350 | D:1      | Reached skill level 5 in Polearms
  1025 | D:2      | Reached XP level 3. HP: 28/28 MP: 3/3
  1339 | D:2      | Found a faded altar of an unknown god.
  1707 | D:2      | Noticed Natasha
  1715 | D:2      | Slain by Natasha

Illustrated notes

Levels and vault maps discovered:
D:1:      dpeg_arrival_concentric_ovals, layout_basic, serial_bayou_lake_a
D:2:      layout_basic, shapermc_ecumenical_altar_mp_urbaneastern,
          grunt_ministairs_5, uniq_natasha

Skill      XL: |  1  2 |
---------------+-------+-----
Polearms       | 5 |  5.6
Fighting       | |  2.9
Throwing       | |  2.0
Dodging        | |  4.5

Action                   || total
-------------------------++-------
Melee: Trident           ||   105
 Stab: Sleeping          ||     6
       Distracted        ||     1
Armor: Leather armour    ||    19
Dodge: Dodged            ||    38

Table legend: (Time is in decaauts)
 A = Elapsed time spent in this place.
 B = Non-inter-level travel time spent in this place.
 C = Inter-level travel time spent in this place.
 D = Time resting spent in this place.
 E = Time spent auto-exploring this place.
 F = Levels seen in this place.
 G = Mean time per level.
                   A        B        C        D        E       F      G
               +--------+--------+--------+--------+--------+-----+--------+
         Total |   1707 |   1611 |     96 |      0 |   1373 |   2 |  853.5 |
       Dungeon |   1707 |   1611 |     96 |      0 |   1373 |   2 |  853.5 |
               +--------+--------+--------+--------+--------+-----+--------+

Top non-repeatable levels by time:
     D:1: 945 daAuts
     D:2: 761 daAuts
